TOP OF THE 1ST |
Cleveland Spiders batting - Pitching for California Angels : RHP Rafael Jimenez
|
Pitching: RHP Rafael Jimenez
|
|
Batting: RHB Alan Trammell
|
0-0: Ball 1-0: Ball 2-0: Foul Ball, location: 2F 2-1: Foul Ball, location: 2F 2-2: Strikes out looking
|
Batting: SHB Bump Wills
|
0-0: Called Strike 0-1: Ground out 5-3 (Groundball, 5, EV 80.6 MPH)
|
Batting: SHB Salvador Perez
|
0-0: Ball 1-0: Foul Ball, location: 2F 1-1: Ball 2-1: DOUBLE (Line Drive, 9LS, EV 106.9 MPH)
|
Batting: RHB Clayton Elliott
|
0-0: Called Strike 0-1: Swinging Strike 0-2: Strikes out swinging, 2-3 out at first.
|
Top of the 1st over - 0 runs, 1 hit, 0 errors, 1 left on base; Cleveland 0 - California 0 |
BOTTOM OF THE 1ST |
California Angels batting - Pitching for Cleveland Spiders : RHP Jose DeLeon
|
Pitching: RHP Jose DeLeon
|
|
Batting: RHB Frank White
|
0-0: Ball 1-0: DOUBLE (Line Drive, 8RXD, EV 96.3 MPH)
|
Batting: RHB Jeff Atherton
|
0-0: Ball 1-0: Ball 2-0: Ball 3-0: Called Strike 3-1: Base on Balls Frank White steals 3rd base
|
Batting: LHB Jason D Thompson
|
Pickoff Throw to First - Out! 1-3 0-0: SINGLE (Groundball, 56D, EV 98.1 MPH) Frank White scores
|
Batting: LHB Brian Rosinski
|
0-0: Fly out, F4 (Flyball, 34D, EV 93.8 MPH)
|
Batting: RHB Carlos Pimentel
|
0-0: Ball 1-0: Foul Ball, location: 2F 1-1: Ball Wild Pitch! Jason D Thompson to second 2-1: Ball 3-1: Called Strike 3-2: Strikes out swinging
|
Bottom of the 1st over - 1 run, 2 hits, 0 errors, 1 left on base; Cleveland 0 - California 1 |
TOP OF THE 2ND |
Cleveland Spiders batting - Pitching for California Angels : RHP Rafael Jimenez
|
Batting: RHB Cressy Pratt
|
0-0: Foul Ball, location: 2F 0-1: Ball 1-1: Fly out, F7 (Flyball, 7D, EV 102.5 MPH)
|
Batting: RHB Tom Brunansky
|
0-0: Ball 1-0: Foul Ball, location: 2F 1-1: Ball 2-1: Foul Ball, location: 2F 2-2: Foul Ball, location: 2F 2-2: Ball 3-2: Foul Ball, location: 2F 3-2: Fly out, F3 (Popup, 3S, EV 68.1 MPH)
|
Batting: RHB Kevin Bell
|
0-0: Called Strike 0-1: SOLO HOME RUN (Flyball, 78XD, EV 101.9 MPH), Distance : 423 ft
|
Batting: RHB Jesse Barfield
|
0-0: Swinging Strike 0-1: Called Strike 0-2: Foul Ball, location: 2F 0-2: Ball 1-2: Ground out 6-3 (Groundball, 6, EV 84.4 MPH)
|
Top of the 2nd over - 1 run, 1 hit, 0 errors, 0 left on base; Cleveland 1 - California 1 |
BOTTOM OF THE 2ND |
California Angels batting - Pitching for Cleveland Spiders : RHP Jose DeLeon
|
Batting: SHB Manny Castillo
|
0-0: Ball 1-0: Foul Ball, location: 2F 1-1: Ball 2-1: Foul Ball, location: 2F 2-2: Foul Ball, location: 2F 2-2: Ground out 4-3 (Groundball, 4, EV 96.3 MPH)
|
Batting: RHB Duke Hinds
|
0-0: Ball 1-0: Ball 2-0: Called Strike 2-1: Foul Ball, location: 2F 2-2: Strikes out swinging
|
Batting: SHB Ignacio Medina
|
0-0: Ball 1-0: Called Strike 1-1: Called Strike 1-2: Ground out 6-3 (Groundball, 6, EV 92.5 MPH)
|
Bottom of the 2nd over - 0 runs, 0 hits, 0 errors, 0 left on base; Cleveland 1 - California 1 |
TOP OF THE 3RD |
Cleveland Spiders batting - Pitching for California Angels : RHP Rafael Jimenez
|
Batting: RHB Tom Dodd
|
0-0: Called Strike 0-1: Ball 1-1: Called Strike 1-2: Ball 2-2: Ball 3-2: Foul Ball, location: 2F 3-2: Strikes out swinging
|
Batting: RHB Alan Trammell
|
0-0: Foul Ball, location: 2F 0-1: Swinging Strike 0-2: Ball 1-2: Ball 2-2: Foul Ball, location: 2F 2-2: Ball 3-2: Ground out 4-3 (Groundball, 4M, EV 85.0 MPH)
|
Batting: SHB Bump Wills
|
0-0: Ball 1-0: Ball 2-0: Foul Ball, location: 2F 2-1: SINGLE (Line Drive, 5D, EV 105.0 MPH)
|
Batting: SHB Salvador Perez
|
0-0: Ball 1-0: SINGLE (Line Drive, 3D, EV 101.3 MPH) Bump Wills to second Runner from 2nd tries for 3rd, SAFE, no throw by RF
|
Batting: RHB Clayton Elliott
|
0-0: Ball Salvador Perez steals 2nd base 1-0: Fly out, F9 (Flyball, 89M, EV 91.3 MPH)
|
Top of the 3rd over - 0 runs, 2 hits, 0 errors, 2 left on base; Cleveland 1 - California 1 |
BOTTOM OF THE 3RD |
California Angels batting - Pitching for Cleveland Spiders : RHP Jose DeLeon
|
Batting: RHB Charlie Moore
|
0-0: Called Strike 0-1: Fly out, F7 (Line Drive, 7, EV 96.9 MPH)
|
Batting: RHB Frank White
|
0-0: Swinging Strike 0-1: Ball 1-1: Foul Ball, location: 2F 1-2: Ball 2-2: Ball 3-2: Ground out 6-3 (Groundball, 6, EV 85.0 MPH)
|
Batting: RHB Jeff Atherton
|
0-0: Ball 1-0: Fly out, F3 (Line Drive, 3, EV 76.3 MPH)
|
Bottom of the 3rd over - 0 runs, 0 hits, 0 errors, 0 left on base; Cleveland 1 - California 1 |
TOP OF THE 4TH |
Cleveland Spiders batting - Pitching for California Angels : RHP Rafael Jimenez
|
Batting: RHB Cressy Pratt
|
0-0: Foul Ball, location: 2F 0-1: Ball 1-1: Ball 2-1: Swinging Strike 2-2: Strikes out swinging
|
Batting: RHB Tom Brunansky
|
0-0: Ball 1-0: Called Strike 1-1: Called Strike 1-2: Ball 2-2: Foul Ball, location: 2F 2-2: DOUBLE (Flyball, 78XD, EV 104.4 MPH)
|
Batting: RHB Kevin Bell
|
0-0: Called Strike 0-1: Swinging Strike 0-2: Ball 1-2: Foul Ball, location: 2F 1-2: Strikes out swinging
|
Batting: RHB Jesse Barfield
|
0-0: Ball 1-0: Ball 2-0: Called Strike 2-1: Ball 3-1: SINGLE (Line Drive, 7LM, EV 100.0 MPH) Tom Brunansky to third Runner from 3rd tries for Home, SAFE, throw by LF to home
|
Batting: RHB Tom Dodd
|
0-0: Ball 1-0: Foul Ball, location: 2F 1-1: Foul Ball, location: 2F 1-2: Ball 2-2: Ball 3-2: Strikes out looking
|
Top of the 4th over - 1 run, 2 hits, 0 errors, 1 left on base; Cleveland 2 - California 1 |
BOTTOM OF THE 4TH |
California Angels batting - Pitching for Cleveland Spiders : RHP Jose DeLeon
|
Batting: LHB Jason D Thompson
|
0-0: Called Strike 0-1: Fly out, F9 (Flyball, 9LM, EV 95.6 MPH)
|
Batting: LHB Brian Rosinski
|
0-0: Ball 1-0: Ball 2-0: Ball 3-0: Foul Ball, location: 2F 3-1: Base on Balls
|
Batting: RHB Carlos Pimentel
|
0-0: Ball 1-0: Called Strike 1-1: Called Strike 1-2: Fielders Choice at 2nd, 4-6 (Groundball, 34, EV 91.9 MPH)
|
Batting: SHB Manny Castillo
|
0-0: Ball 1-0: Fly out, F8 (Flyball, 8RM, EV 81.3 MPH)
|
Bottom of the 4th over - 0 runs, 0 hits, 0 errors, 1 left on base; Cleveland 2 - California 1 |
TOP OF THE 5TH |
Cleveland Spiders batting - Pitching for California Angels : RHP Rafael Jimenez
|
Batting: RHB Alan Trammell
|
0-0: Ball 1-0: Called Strike 1-1: Ball 2-1: Fly out, F7 (Flyball, 78S, EV 86.9 MPH)
|
Batting: SHB Bump Wills
|
0-0: Foul Ball, location: 2F 0-1: Ball 1-1: Foul Ball, location: 2F 1-2: Ground out 4-3 (Groundball, 4, EV 83.1 MPH)
|
Batting: SHB Salvador Perez
|
0-0: Fly out, F6 (Flyball, 56D, EV 90.6 MPH)
|
Top of the 5th over - 0 runs, 0 hits, 0 errors, 0 left on base; Cleveland 2 - California 1 |
BOTTOM OF THE 5TH |
California Angels batting - Pitching for Cleveland Spiders : RHP Jose DeLeon
|
Batting: RHB Duke Hinds
|
0-0: Foul Ball, location: 2F 0-1: Foul Ball, location: 2F 0-2: Ball 1-2: Ball 2-2: Strikes out swinging
|
Batting: SHB Ignacio Medina
|
0-0: Called Strike 0-1: SINGLE (Groundball, 25, EV 70.6 MPH) (infield hit)
|
Batting: RHB Charlie Moore
|
0-0: Called Strike 0-1: Ball 1-1: Foul Ball, location: 2F 1-2: Grounds into double play, 6-4-3 (Groundball, 6, EV 91.9 MPH)
|
Bottom of the 5th over - 0 runs, 1 hit, 0 errors, 0 left on base; Cleveland 2 - California 1 |
TOP OF THE 6TH |
Cleveland Spiders batting - Pitching for California Angels : RHP Rafael Jimenez
|
Batting: RHB Clayton Elliott
|
0-0: Called Strike 0-1: Foul Ball, location: 2F 0-2: Ball 1-2: Ball 2-2: Ball 3-2: Ground out 1-3 (Groundball, 15S, EV 62.5 MPH)
|
Batting: RHB Cressy Pratt
|
0-0: Foul Ball, location: 2F 0-1: Called Strike 0-2: Foul Ball, location: 2F 0-2: Ball 1-2: Strikes out swinging
|
Batting: RHB Tom Brunansky
|
0-0: Called Strike 0-1: SINGLE (Line Drive, 34D, EV 96.9 MPH)
|
Batting: RHB Kevin Bell
|
0-0: Ball 1-0: Ball 2-0: Called Strike Tom Brunansky steals 2nd base 2-1: Fly out, F3 (Popup, 23F, EV 91.3 MPH)
|
Top of the 6th over - 0 runs, 1 hit, 0 errors, 1 left on base; Cleveland 2 - California 1 |
BOTTOM OF THE 6TH |
California Angels batting - Pitching for Cleveland Spiders : RHP Jose DeLeon
|
Batting: RHB Frank White
|
0-0: Ground out 5-3 (Groundball, 56S, EV 91.9 MPH)
|
Batting: RHB Jeff Atherton
|
0-0: Called Strike 0-1: Ball 1-1: Ball 2-1: Foul Ball, location: 2F 2-2: Ball 3-2: Foul Ball, location: 2F 3-2: DOUBLE (Line Drive, 9LM, EV 109.4 MPH)
|
Batting: LHB Jason D Thompson
|
0-0: Called Strike 0-1: Called Strike 0-2: Strikes out swinging
|
Batting: LHB Brian Rosinski
|
0-0: Swinging Strike 0-1: Ball 1-1: Ball 2-1: Ball 3-1: Base on Balls
|
Batting: RHB Carlos Pimentel
|
0-0: Ball 1-0: Called Strike 1-1: Foul Ball, location: 2F 1-2: Strikes out swinging
|
Bottom of the 6th over - 0 runs, 1 hit, 0 errors, 2 left on base; Cleveland 2 - California 1 |
TOP OF THE 7TH |
Cleveland Spiders batting - Pitching for California Angels : RHP Rafael Jimenez
|
Batting: RHB Jesse Barfield
|
0-0: Hit by Pitch
|
Batting: RHB Tom Dodd
|
0-0: Ball 1-0: Ball 2-0: Called Strike 2-1: Called Strike 2-2: Ball 3-2: Foul Ball, location: 2F 3-2: Base on Balls Jesse Barfield to second
|
Pitching: RHP LaMarr Hoyt
|
|
Pinch Runner at 2nd Jordan Ventura:
|
|
Batting: RHB Alan Trammell
|
0-0: Ball 1-0: Ball 2-0: Fly out, F7 (Flyball, 7, EV 84.4 MPH)
|
Batting: SHB Bump Wills
|
0-0: Called Strike 0-1: Foul Ball, location: 2F 0-2: Ball 1-2: Ball 2-2: Fly out, F7 (Flyball, 7LD, EV 78.8 MPH)
|
Batting: SHB Salvador Perez
|
0-0: Swinging Strike 0-1: Swinging Strike 0-2: Ball 1-2: Foul Ball, location: 2F 1-2: Fly out, F3 (Popup, 3L, EV 66.3 MPH)
|
Top of the 7th over - 0 runs, 0 hits, 0 errors, 2 left on base; Cleveland 2 - California 1 |
BOTTOM OF THE 7TH |
California Angels batting - Pitching for Cleveland Spiders : RHP Jose DeLeon
|
Now in CF: Jordan Ventura
|
|
Batting: SHB Manny Castillo
|
0-0: Ground out 4-3 (Groundball, 34, EV 90.0 MPH)
|
Batting: RHB Duke Hinds
|
0-0: Ball 1-0: Ball 2-0: Foul Ball, location: 2F 2-1: Foul Ball, location: 2F 2-2: Foul Ball, location: 2F 2-2: Foul Ball, location: 2F 2-2: Ball 3-2: Base on Balls
|
Batting: SHB Ignacio Medina
|
0-0: Foul Ball, location: 2F 0-1: Ball 1-1: Ball 2-1: Foul Ball, location: 2F 2-2: Ball 3-2: Foul Ball, location: 2F 3-2: Base on Balls Duke Hinds to second
|
Batting: RHB Charlie Moore
|
0-0: Ball 1-0: Swinging Strike 1-1: Ball 2-1: Ball Duke Hinds steals 3rd base (no throw) Ignacio Medina to second 3-1: Ground out 5-3 (Groundball, 56, EV 111.3 MPH) Duke Hinds scores
|
Batting: RHB Frank White
|
0-0: Ground out 6-3 (Groundball, 6M, EV 98.1 MPH)
|
Bottom of the 7th over - 1 run, 0 hits, 0 errors, 1 left on base; Cleveland 2 - California 2 |
TOP OF THE 8TH |
Cleveland Spiders batting - Pitching for California Angels : RHP LaMarr Hoyt
|
Pitching: RHP Jerry Reed
|
|
Batting: RHB Clayton Elliott
|
0-0: Called Strike 0-1: Swinging Strike 0-2: Ball 1-2: Ball 2-2: SINGLE (Flyball, 8RS, EV 84.4 MPH)
|
Batting: RHB Cressy Pratt
|
0-0: Ball 1-0: Called Strike 1-1: Ball 2-1: Ground out 4-3 (Groundball, 4M, EV 104.4 MPH) Clayton Elliott to second
|
Batting: RHB Tom Brunansky
|
0-0: Intentional Walk
|
Batting: RHB Kevin Bell
|
0-0: Called Strike 0-1: Called Strike 0-2: Foul Ball, location: 2F 0-2: DOUBLE (Flyball, 78XD, EV 110.6 MPH) Clayton Elliott scores Tom Brunansky to third Runner from 3rd tries for Home, SAFE, throw by CF to trailing runner, OUT at third! 8-3-5
|
Batting: RHB Jordan Ventura
|
0-0: Called Strike 0-1: Ground out 5-3 (Groundball, 56, EV 86.3 MPH)
|
Top of the 8th over - 2 runs, 2 hits, 0 errors, 0 left on base; Cleveland 4 - California 2 |
BOTTOM OF THE 8TH |
California Angels batting - Pitching for Cleveland Spiders : RHP Jose DeLeon
|
Batting: RHB Jeff Atherton
|
0-0: Foul Ball, location: 2F 0-1: Ball 1-1: SINGLE (Line Drive, 89S, EV 101.9 MPH)
|
Batting: LHB Jason D Thompson
|
0-0: Swinging Strike 0-1: Foul Ball, location: 2F 0-2: Ball 1-2: Fly out, F8 (Flyball, 8RD, EV 96.9 MPH)
|
Batting: LHB Brian Rosinski
|
0-0: Called Strike 0-1: Foul Ball, location: 2F 0-2: Fly out, F9 (Flyball, 89S, EV 79.4 MPH)
|
Batting: RHB Carlos Pimentel
|
0-0: SINGLE (Groundball, 6MD, EV 98.1 MPH) Jeff Atherton to second Runner from 2nd tries for 3rd, SAFE, throw by CF made to third
|
Batting: SHB Manny Castillo
|
0-0: Ball 1-0: Swinging Strike 1-1: Ball 2-1: Fly out, F8 (Flyball, 89D, EV 79.4 MPH)
|
Bottom of the 8th over - 0 runs, 2 hits, 0 errors, 2 left on base; Cleveland 4 - California 2 |
TOP OF THE 9TH |
Cleveland Spiders batting - Pitching for California Angels : RHP Jerry Reed
|
Batting: RHB Tom Dodd
|
0-0: Ground out U3 (Groundball, 34S, EV 71.9 MPH)
|
Batting: RHB Alan Trammell
|
0-0: Ball 1-0: Ground out 6-3 (Groundball, 6M, EV 84.4 MPH)
|
Batting: SHB Bump Wills
|
0-0: DOUBLE (Line Drive, 7LM, EV 111.3 MPH)
|
Pitching: LHP Bob McClure
|
|
Batting: SHB Salvador Perez
|
0-0: Called Strike 0-1: Ball 1-1: Ball 2-1: Ball 3-1: Base on Balls
|
Batting: RHB Clayton Elliott
|
0-0: Called Strike 0-1: Ball 1-1: Ball 2-1: Fielders Choice at 2nd, 5-4 (Groundball, 5, EV 105.6 MPH)
|
Top of the 9th over - 0 runs, 1 hit, 0 errors, 2 left on base; Cleveland 4 - California 2 |
BOTTOM OF THE 9TH |
California Angels batting - Pitching for Cleveland Spiders : RHP Jose DeLeon
|
Batting: RHB Duke Hinds
|
0-0: Foul Ball, location: 2F 0-1: Ball 1-1: Ball 2-1: Fly out, F4 (Line Drive, 4, EV 65.0 MPH)
|
Batting: SHB Ignacio Medina
|
0-0: Ball 1-0: Ball 2-0: Ball 3-0: Base on Balls
|
Batting: RHB Charlie Moore
|
0-0: Ball 1-0: Called Strike 1-1: Ground out 4-3 (Groundball, 34, EV 100.6 MPH) Ignacio Medina to second
|
Pitching: RHP Joe Beckwith
|
|
Batting: RHB Frank White
|
0-0: Ball 1-0: Ball 2-0: Foul Ball, location: 2F 2-1: Ball 3-1: Ground out 5-3 (Groundball, 56, EV 101.3 MPH)
|
Bottom of the 9th over - 0 runs, 0 hits, 0 errors, 1 left on base; Cleveland 4 - California 2 |
|